 Dungeon Crawl Stone Soup version 0.24.0-13-gcf9b319 (webtiles) character file.

Game seed: 8602023108717342278, levelgen mode: deterministic

46 Fortress the Conjurer (level 3, -2/26 HPs)
             Began as a Draconian Conjurer on Jan 17, 2020.
             Slain by a worm (8 damage)
             ... on level 2 of the Dungeon.
             The game lasted 00:04:13 (1755 turns).

Fortress the Conjurer (Draconian Conjurer)          Turns: 1755, Time: 00:04:13

Health: -2/26      AC:  5    Str: 10    XL:     3   Next: 46%
Magic:  0/6        EV: 12    Int: 16    God:
Gold:   53         SH:  0    Dex: 11    Spells: 3/6 levels left

rFire    . . .     SeeInvis .   a - +0 dagger
rCold    . . .     Gourm    .   (no shield)
rNeg     . . .     Faith    .   (armour unavailable)
rPois    .         Spirit   .   (helmet restricted)
rElec    .         Reflect  .   (no cloak)
rCorr    .         Harm     .   (no gloves)
MR       .....                  (no boots)
Stlth    ++........             (no amulet)
HPRegen  0.08/turn              (no ring)
MPRegen  0.10/turn              (no ring)

@: no status effects
A: unfitting armour, cold-blooded, AC +5
a: no special abilities


You were on level 2 of the Dungeon.
You were not hungry.

You visited 1 branch of the dungeon, and saw 2 of its levels.

You collected 53 gold pieces.

Inventory:

Hand Weapons
 a - a +0 dagger (weapon)
Missiles
 i - 6 silver javelins (quivered)
Scrolls
 c - 4 scrolls of identify {unknown}
 d - a scroll of blinking {unknown}
 e - 3 scrolls of teleportation {unknown}
 f - 2 scrolls of fog {unknown}
 g - a scroll of amnesia {unknown}
Potions
 h - a potion of haste {unknown}
 j - 2 potions of mutation {unknown}
Comestibles
 b - 3 rations


   Skills:
 + Level 1.9 Dodging
 - Level 2.0 Stealth
 + Level 2.4 Spellcasting
 + Level 4.8 Conjurations


You had 3 spell levels left.
You knew the following spells:

 Your Spells              Type           Power        Failure   Level  Hunger
a - Magic Dart            Conj           ###.         2%          1    #......
b - Searing Ray           Conj           ###...       4%          2    ###....

Your spell library contained the following spells:

 Spells                   Type           Power        Failure   Level  Hunger
 Dazzling Spray           Conj/Hex       #.....       22%         3    ###....
 Iskenderun's Mystic Bla  Conj           ###.....     26%         4    #####..
 Force Lance              Conj/Tloc      #.......     58%         4    #####..
 Fulminant Prism          Conj/Hex       #.........   58%         4    #####..


Dungeon Overview and Level Annotations

Branches:
Dungeon (2/15)

Altars:
Xom


Innate Abilities, Weirdness & Mutations

Your plain brown scales are hard. (AC +5)
You cannot fit into any form of body armour.
You are cold-blooded and may be slowed by cold attacks.


Message History

The worm is heavily wounded.
You barely miss the worm.
The worm is heavily wounded.
The worm bites you!
You are too injured to fight recklessly!
Casting: Magic Dart (safe; 2% risk of failure)
Confirm with . or Enter, or press ? or * to list all spells.
Aiming: Magic Dart (safe; 2% risk of failure)
Press: ? - help, Shift-Dir - straight line, f/p - worm
Aim: a worm (heavily wounded)
The magic dart hits the worm.
The worm is severely wounded.
You barely miss the worm.
The worm is severely wounded.
The worm bites you.
* * * LOW HITPOINT WARNING * * *
You hit the worm but do no damage.
The worm is heavily wounded.
The worm bites you!
You die...

#....#########......##.##.####'
#....# #.####.##.........
#....# #.####.##.........
#....# #...##.##.##....#.
###### #...##.##.##....#.
#...##.##.##....#.
##########...##............
#........'...'.............
##########@..##.##.###...#.
#....w........<.....##.
#.........#.##......##.
#.........#.##......##.
...........#............
....###################. ....
#. ... #. #.


You could see a worm.

Vanquished Creatures
  An ooze (D:1)
  A worm (D:2)
  2 leopard geckos (D:1)
  A giant cockroach (D:1)
  7 goblins
  8 hobgoblins
  7 kobolds
  2 bats (D:1)
  3 rats
32 creatures vanquished.

Notes
Turn   | Place    | Note
-------+----------+-------------------------------------------
     0 | D:1      | Fortress the Draconian Conjurer began the quest for the
                  | Orb.
     0 | D:1      | Reached XP level 1. HP: 14/14 MP: 3/3
   212 | D:1      | Reached XP level 2. HP: 20/20 MP: 0/5
   519 | D:1      | Found a shimmering altar of Xom.
   858 | D:1      | Reached XP level 3. HP: 26/26 MP: 3/6
  1267 | D:2      | Learned a level 2 spell: Searing Ray
  1755 | D:2      | Slain by a worm

Levels and vault maps discovered:
D:1:      ncdulo_halloftheorcs, layout_loops_ring, xom_teletrap_fun
D:2:      layout_basic

Skill      XL: |  1  2 |
---------------+-------+-----
Stealth        | 2 |  2.0
Dodging        | |  1.9
Spellcasting   | |  2.4
Conjurations   | |  4.8

Action                   || total
-------------------------++-------
Melee: Dagger            ||    26
       Tailslap          ||     1
 Cast: Magic Dart        ||    73
  Eat: Ration            ||     1
Armor: Skin              ||     6
Dodge: Dodged            ||     8
